HSSL
BROKEN ARROW HS @ BISHOP GORMAN HS
04/24/2023
 
TOP OF THE 1ST
Broken Arrow HS batting - Pitching for Bishop Gorman HS : LHP Tom Duke
Pitching: LHP Tom Duke
Batting: RHB Irwin Robinson 0-0: Ball
1-0: Ball
2-0: Ground out U3 (Groundball, 3)
Batting: RHB Víctor León 0-0: Swinging Strike
0-1: Foul Ball, location: 2F
0-2: Foul Ball, location: 2F
0-2: Ball
1-2: Strikes out swinging
Batting: RHB Christian Moss 0-0: Ground out 5-3 (Groundball, 5S)
Top of the 1st over - 0 run(s), 0 hit(s), 0 error(s), 0 left on base; Broken Arrow HS 0 - Bishop Gorman HS 0
BOTTOM OF THE 1ST
Bishop Gorman HS batting - Pitching for Broken Arrow HS : LHP Arnie Smeddon
Pitching: LHP Arnie Smeddon
Batting: LHB Jean-Sébastien Beaudin 0-0: Ball
1-0: Called Strike
1-1: Ball
2-1: Called Strike
2-2: Ball
3-2: Strikes out swinging
Batting: RHB Tim Bonner 0-0: Ground out 1-3 (Groundball, 15)
Batting: RHB Vincent Braun 0-0: Ball
1-0: Called Strike
1-1: Fly out, F3 (Popup, 3DF)
Bottom of the 1st over - 0 run(s), 0 hit(s), 0 error(s), 0 left on base; Broken Arrow HS 0 - Bishop Gorman HS 0
TOP OF THE 2ND
Broken Arrow HS batting - Pitching for Bishop Gorman HS : LHP Tom Duke
Batting: LHB Tim Ramsey 0-0: Ground out U3 (Groundball, 3S)
Batting: RHB Robert Cannon 0-0: Ball
1-0: Foul Ball, location: 2F
1-1: Ball
2-1: Ground out 1-3 (Groundball, 23)
Batting: SHB Sean Brown 0-0: Called Strike
0-1: Ball
1-1: Ball
2-1: Foul Ball, location: 2F
2-2: Ball
3-2: Fly out, F5 (Line Drive, 5L)
Top of the 2nd over - 0 run(s), 0 hit(s), 0 error(s), 0 left on base; Broken Arrow HS 0 - Bishop Gorman HS 0
BOTTOM OF THE 2ND
Bishop Gorman HS batting - Pitching for Broken Arrow HS : LHP Arnie Smeddon
Batting: RHB Gary Robinson 0-0: Called Strike
0-1: Called Strike
0-2: Strikes out swinging
Batting: RHB Joe Atkinson 0-0: Ball
1-0: Called Strike
1-1: Foul Ball, location: 2F
1-2: SINGLE (Groundball, 13) (infield hit)
Batting: SHB Darren Ramsey 0-0: Ball
1-0: Foul Ball, location: 2F
1-1: Ball
2-1: SINGLE (Line Drive, 7S)
Joe Atkinson to second
Batting: RHB Ed Gómez 0-0: Ball
1-0: Ball
2-0: Ball
3-0: Called Strike
3-1: Base on Balls
Joe Atkinson to third
Darren Ramsey to second
Batting: LHB Bill Green 0-0: Ball
1-0: Ball
2-0: Ball
3-0: Called Strike
3-1: Base on Balls
Joe Atkinson scores
Darren Ramsey to third
Ed Gómez to second
Batting: RHB Kip Murphy 0-0: Ground out 6-3 (Groundball, 6MS)
Darren Ramsey scores
Ed Gómez to third
Bill Green to second
Batting: LHB Jean-Sébastien Beaudin 0-0: Swinging Strike
0-1: Foul Ball, location: 2F
0-2: Strikes out swinging
Bottom of the 2nd over - 2 run(s), 2 hit(s), 0 error(s), 2 left on base; Broken Arrow HS 0 - Bishop Gorman HS 2
TOP OF THE 3RD
Broken Arrow HS batting - Pitching for Bishop Gorman HS : LHP Tom Duke
Batting: RHB Shayne Garneau 0-0: Ball
1-0: Ground out 5-3 (Groundball, 5S)
Batting: LHB Jon Jackson 0-0: Fly out, F7 (Flyball, 7M)
Batting: LHB Frank Vázquez 0-0: Called Strike
0-1: Fly out, F8 (Flyball, 8LM)
Top of the 3rd over - 0 run(s), 0 hit(s), 0 error(s), 0 left on base; Broken Arrow HS 0 - Bishop Gorman HS 2
BOTTOM OF THE 3RD
Bishop Gorman HS batting - Pitching for Broken Arrow HS : LHP Arnie Smeddon
Batting: RHB Tim Bonner 0-0: Foul Ball, location: 2F
0-1: Called Strike
0-2: Strikes out swinging
Batting: RHB Vincent Braun 0-0: Ball
1-0: Swinging Strike
1-1: Called Strike
1-2: Foul Ball, location: 2F
1-2: Ball
2-2: Ground out 4-3 (Groundball, 4)
Batting: RHB Gary Robinson 0-0: Ball
1-0: Ball
2-0: Ball
3-0: Base on Balls
Batting: RHB Joe Atkinson 0-0: Ball
1-0: Ball
2-0: Called Strike
2-1: Foul Ball, location: 2F
2-2: Foul Ball, location: 2F
2-2: Fielders Choice at 2nd, U4 (Groundball, 4M)
Bottom of the 3rd over - 0 run(s), 0 hit(s), 0 error(s), 1 left on base; Broken Arrow HS 0 - Bishop Gorman HS 2
TOP OF THE 4TH
Broken Arrow HS batting - Pitching for Bishop Gorman HS : LHP Tom Duke
Batting: RHB Irwin Robinson 0-0: Called Strike
0-1: SINGLE (Groundball, 56D)
Batting: RHB Víctor León 0-0: Called Strike
0-1: Swinging Strike
0-2: Ball
1-2: Strikes out swinging
Batting: RHB Christian Moss 0-0: Called Strike
0-1: Ball
1-1: Ball
2-1: Ball
3-1: Foul Ball, location: 2F
3-2: Fly out, F7 (Flyball, 7M)
3-2: Fly out, F7 (Flyball, 7M)
Batting: LHB Tim Ramsey 0-0: Ground out U3 (Groundball, 3)
Top of the 4th over - 0 run(s), 1 hit(s), 0 error(s), 1 left on base; Broken Arrow HS 0 - Bishop Gorman HS 2
BOTTOM OF THE 4TH
Bishop Gorman HS batting - Pitching for Broken Arrow HS : LHP Arnie Smeddon
Batting: SHB Darren Ramsey 0-0: Foul Ball, location: 2F
0-1: Ball
1-1: Ball
2-1: SINGLE (Line Drive, 3)
Batting: RHB Ed Gómez 0-0: Ball
1-0: Fly out, F7 (Line Drive, 7M)
Batting: LHB Bill Green 0-0: Called Strike
0-1: Ball
1-1: Ball
2-1: Foul Ball, location: 2F
2-2: Ball
3-2: Foul Ball, location: 2F
3-2: Base on Balls
Darren Ramsey to second
Batting: RHB Kip Murphy 0-0: SINGLE (Groundball, 6M)
Darren Ramsey to third
Bill Green to second
Runner from 3rd tries for Home, SAFE, throw made home
Bill Green to third
Kip Murphy to second
Batting: LHB Jean-Sébastien Beaudin 0-0: Ball
1-0: Called Strike
1-1: Called Strike
1-2: Strikes out swinging
Batting: RHB Tim Bonner 0-0: Ball
1-0: Ball
2-0: Ball
3-0: Called Strike
3-1: Base on Balls
Batting: RHB Vincent Braun 0-0: Fly out, F9 (Flyball, 89S)
Bottom of the 4th over - 1 run(s), 2 hit(s), 0 error(s), 3 left on base; Broken Arrow HS 0 - Bishop Gorman HS 3
TOP OF THE 5TH
Broken Arrow HS batting - Pitching for Bishop Gorman HS : LHP Tom Duke
Batting: RHB Robert Cannon 0-0: Called Strike
0-1: Foul Ball, location: 2F
0-2: Ball
1-2: Ball
2-2: Ball
3-2: Foul Ball, location: 2F
3-2: Fly out, F8 (Flyball, 8LXD)
Batting: SHB Sean Brown 0-0: Fly out, F8 (Flyball, 8RM)
Batting: RHB Shayne Garneau 0-0: Swinging Strike
0-1: Foul Ball, location: 2F
0-2: Ball
1-2: Ball
2-2: Ball
3-2: Fly out, F9 (Flyball, 9M)
Top of the 5th over - 0 run(s), 0 hit(s), 0 error(s), 0 left on base; Broken Arrow HS 0 - Bishop Gorman HS 3
BOTTOM OF THE 5TH
Bishop Gorman HS batting - Pitching for Broken Arrow HS : LHP Arnie Smeddon
Batting: RHB Gary Robinson 0-0: SINGLE (Line Drive, 56D)
Batting: RHB Joe Atkinson 0-0: Fly out, F8 (Popup, 4MD)
Pitching: RHP Tom Cunningham
Batting: SHB Darren Ramsey 0-0: Called Strike
0-1: Ball
1-1: Called Strike
1-2: Ground out 4-3 (Groundball, 4M)
Gary Robinson to second
Batting: RHB Ed Gómez 0-0: Ball
1-0: Foul Ball, location: 2F
1-1: Ball
2-1: Swinging Strike
2-2: Strikes out swinging
Bottom of the 5th over - 0 run(s), 1 hit(s), 0 error(s), 1 left on base; Broken Arrow HS 0 - Bishop Gorman HS 3
TOP OF THE 6TH
Broken Arrow HS batting - Pitching for Bishop Gorman HS : LHP Tom Duke
Batting: LHB Jon Jackson 0-0: Ball
1-0: DOUBLE (Line Drive, 9LM)
Batting: LHB Frank Vázquez 0-0: Ball
1-0: Fly out, F9 (Flyball, 9LM)
Batting: RHB Irwin Robinson 0-0: Called Strike
0-1: Fly out, F8 (Flyball, 8LM)
Batting: RHB Víctor León 0-0: Called Strike
0-1: Ball
1-1: Ball
2-1: Swinging Strike
2-2: Ball
3-2: Base on Balls
Batting: RHB Christian Moss 0-0: Called Strike
0-1: DOUBLE (Line Drive, 7LD)
Jon Jackson scores
Víctor León to third
Batting: LHB Tim Ramsey 0-0: Ball
1-0: Called Strike
1-1: Foul Ball, location: 2F
1-2: Fly out, F7 (Flyball, 7M)
Top of the 6th over - 1 run(s), 2 hit(s), 0 error(s), 2 left on base; Broken Arrow HS 1 - Bishop Gorman HS 3
BOTTOM OF THE 6TH
Bishop Gorman HS batting - Pitching for Broken Arrow HS : RHP Tom Cunningham
Batting: LHB Bill Green 0-0: Called Strike
0-1: Ground out U3 (Groundball, 3)
Batting: RHB Kip Murphy 0-0: Ball
1-0: Swinging Strike
1-1: Ball
2-1: Foul Ball, location: 2F
2-2: Ball
3-2: Foul Ball, location: 2F
3-2: Foul Ball, location: 2F
3-2: Base on Balls
Batting: LHB Jean-Sébastien Beaudin 0-0: Called Strike
0-1: Ball
1-1: Foul Ball, location: 2F
1-2: Ball
2-2: Strikes out swinging
Batting: RHB Tim Bonner 0-0: Ball
Kip Murphy steals 2nd base
1-0: Swinging Strike
1-1: Ground out 6-3 (Groundball, 56)
Bottom of the 6th over - 0 run(s), 0 hit(s), 0 error(s), 1 left on base; Broken Arrow HS 1 - Bishop Gorman HS 3
TOP OF THE 7TH
Broken Arrow HS batting - Pitching for Bishop Gorman HS : LHP Tom Duke
Batting: RHB Robert Cannon 0-0: Ball
1-0: Foul Ball, location: 2F
1-1: Foul Ball, location: 2F
1-2: Foul Ball, location: 2F
1-2: Ball
2-2: Ground out 6-3 (Groundball, 6M)
Batting: SHB Sean Brown 0-0: Called Strike
0-1: Ball
1-1: Ball
2-1: SINGLE (Line Drive, 4D)
Pitching: RHP Máximo Rivera
Batting: RHB Shayne Garneau 0-0: Ball
1-0: Ball
2-0: SINGLE (Groundball, 5D)
Sean Brown to second
Batting: LHB Jon Jackson 0-0: Ball
1-0: SINGLE (Groundball, 3L)
Sean Brown to third
Shayne Garneau to second
Runner from 3rd tries for Home, throw and OUT!
Batting: LHB Frank Vázquez 0-0: Ball
1-0: Called Strike
1-1: Ball
2-1: Called Strike
2-2: Strikes out swinging
Top of the 7th over - 0 run(s), 3 hit(s), 0 error(s), 2 left on base; Broken Arrow HS 1 - Bishop Gorman HS 3
BOTTOM OF THE 7TH
Bishop Gorman HS batting - Pitching for Broken Arrow HS : RHP Tom Cunningham
Batting: RHB Vincent Braun 0-0: Swinging Strike
0-1: Ball
1-1: Swinging Strike
1-2: Ball
2-2: Strikes out swinging
Pitching: RHP Ben Ellison
Batting: RHB Gary Robinson 0-0: Called Strike
0-1: Reached on error, E6 (Groundball, 6)
Batting: RHB Joe Atkinson 0-0: Called Strike
0-1: SINGLE (Groundball, 56D)
Gary Robinson to second
Batting: SHB Darren Ramsey 0-0: Called Strike
0-1: 3-RUN HOME RUN (Flyball, 9D), Distance : 351 ft
Batting: RHB Ed Gómez 0-0: SOLO HOME RUN (Flyball, 7D), Distance : 365 ft
Pitching: RHP Roberto Solís
Batting: LHB Bill Green 0-0: Ball
1-0: Foul Ball, location: 2F
1-1: Ground out 4-3 (Groundball, 4M)
Batting: RHB Kip Murphy 0-0: Called Strike
0-1: Swinging Strike
0-2: Strikes out swinging
Bottom of the 7th over - 4 run(s), 3 hit(s), 1 error(s), 0 left on base; Broken Arrow HS 1 - Bishop Gorman HS 7
TOP OF THE 8TH
Broken Arrow HS batting - Pitching for Bishop Gorman HS : RHP Máximo Rivera
Batting: RHB Irwin Robinson 0-0: Called Strike
0-1: Foul Ball, location: 2F
0-2: Foul Ball, location: 2F
0-2: Foul Ball, location: 2F
0-2: Fly out, F9 (Flyball, 9M)
Batting: RHB Víctor León 0-0: Ball
1-0: Called Strike
1-1: Swinging Strike
1-2: Ball
2-2: Ball
3-2: Base on Balls
Batting: RHB Christian Moss 0-0: Ball
1-0: Foul Ball, location: 2F
1-1: Called Strike
1-2: Ball
2-2: Foul Ball, location: 2F
2-2: Foul Ball, location: 2F
2-2: Ball
3-2: Strikes out swinging
Batting: LHB Tim Ramsey 0-0: Ball
1-0: Ball
2-0: Ground out 4-3 (Groundball, 4)
Top of the 8th over - 0 run(s), 0 hit(s), 0 error(s), 1 left on base; Broken Arrow HS 1 - Bishop Gorman HS 7
BOTTOM OF THE 8TH
Bishop Gorman HS batting - Pitching for Broken Arrow HS : RHP Roberto Solís
Batting: LHB Jean-Sébastien Beaudin 0-0: Swinging Strike
0-1: Ball
1-1: Ball
2-1: Bunt missed!
2-2: Ball
3-2: Base on Balls
Batting: RHB Tim Bonner 0-0: Sac Bunt - play at first, batter OUT! 1-4
Jean-Sébastien Beaudin to second
Batting: RHB Vincent Braun 0-0: Called Strike
0-1: Ball
1-1: DOUBLE (Groundball, 5L)
Jean-Sébastien Beaudin scores
Batting: RHB Gary Robinson 0-0: Called Strike
0-1: Ball
1-1: 2-RUN HOME RUN (Flyball, 7D), Distance : 379 ft
Batting: RHB Joe Atkinson 0-0: Ball
1-0: Foul Ball, location: 2F
1-1: Foul Ball, location: 2F
1-2: Ball
2-2: SINGLE (Line Drive, 6D)
Batting: SHB Darren Ramsey 0-0: Ball
1-0: SINGLE (Line Drive, 9LS)
Joe Atkinson to second
Throwing error, E9
Joe Atkinson scores
Darren Ramsey to second
Batting: RHB Ed Gómez 0-0: Fly out, F9 (Flyball, 9M)
Batting: LHB Bill Green 0-0: Called Strike
0-1: Ground out 4-3 (Groundball, 4)
Bottom of the 8th over - 4 run(s), 4 hit(s), 1 error(s), 1 left on base; Broken Arrow HS 1 - Bishop Gorman HS 11
TOP OF THE 9TH
Broken Arrow HS batting - Pitching for Bishop Gorman HS : RHP Máximo Rivera
Batting: RHB Robert Cannon 0-0: Ball
1-0: SOLO HOME RUN (Flyball, 7D), Distance : 377 ft
Batting: SHB Sean Brown 0-0: Ball
1-0: Called Strike
1-1: Ground out 4-3 (Groundball, 4)
Pitching: LHP Miguel Suárez
Batting: RHB Shayne Garneau 0-0: Ball
1-0: Ball
2-0: Called Strike
2-1: Ball
3-1: Base on Balls
Batting: LHB Jon Jackson 0-0: Ball
Wild Pitch!
Shayne Garneau to second
1-0: Ball
2-0: Foul Ball, location: 2F
2-1: Ball
3-1: Foul Ball, location: 2F
3-2: Base on Balls
Batting: LHB Frank Vázquez 0-0: Ball
1-0: Ball
2-0: Ball
3-0: Called Strike
3-1: Foul Ball, location: 2F
3-2: Base on Balls
Shayne Garneau to third
Jon Jackson to second
Batting: RHB Irwin Robinson 0-0: Foul Ball, location: 2F
0-1: Ball
1-1: Ball
2-1: Swinging Strike
2-2: Strikes out looking
Batting: RHB Víctor León 0-0: Called Strike
0-1: Foul Ball, location: 2F
0-2: Ball
1-2: Ball
2-2: Strikes out swinging
Top of the 9th over - 1 run(s), 1 hit(s), 0 error(s), 3 left on base; Broken Arrow HS 2 - Bishop Gorman HS 11
This league is powered by Out of the Park Baseball, the baseball management simulation game for PC, Mac and Linux
Wednesday, December 2nd, 2015 - OOTP Baseball 16.8 Build 38